 Dungeon Crawl Stone Soup version 0.27.1-34-g3ba077fa99 (webtiles) character file.

Game seed: 6702938018952750666

657 unlimited1921 the Magician (level 7, 0/46 HPs)
             Began as a Djinni Fire Elementalist on Jan 6, 2022.
             Slain by a black bear (2 damage)
             ... on level 5 of the Dungeon.
             The game lasted 00:25:56 (11324 turns).

unlimited1921 the Magician (DjFE)                  Turns: 11324, Time: 00:25:59

Health: 0/46       AC:  3    Str:  6 (7)  XL:     7   Next: 85%
Gold:   128        EV: 13    Int: 18 (19) God:
                   SH:  0    Dex: 13

rFire    + + .     SeeInvis .   k - +0 rapier
rCold    x . .     Faith    .   (no shield)
rNeg     . . .     Spirit   .   a - +0 robe
rPois    ∞         Reflect  .   l - +0 helmet
rElec    .         Harm     .   (no cloak)
rCorr    .         Rampage  .   (no gloves)
Will     .....                  (boots unavailable)
Stlth    ++........             (no amulet)
HPRegen  0.15/turn              (no ring)
MPRegen  0.00/turn              (no ring)

@: flying
A: sickness immunity, fire resistance 2, cold vulnerability 1, float, innate
caster, hp casting, extra vitality 1
a: no special abilities


You were on level 5 of the Dungeon.
You visited 1 branch of the dungeon, and saw 5 of its levels.

You collected 128 gold pieces.

Inventory:

Hand Weapons
 c - a +0 dagger
 d - a +0 short sword
 k - a +0 rapier (weapon)
 o - a +2 vampiric dagger
Missiles
 b - 16 bolts
 m - 5 boomerangs
 q - 15 poisoned darts (quivered)
Armour
 a - a +0 robe (worn)
 l - a +0 helmet (worn)
 t - a +0 cloak
Magical Staves
 e - a staff of poison
Scrolls
 i - 4 scrolls of teleportation
 j - 2 scrolls of magic mapping
 p - a scroll of enchant armour
 s - a scroll of vulnerability
 u - a scroll of torment {unknown}
Potions
 f - a potion of invisibility
 g - a potion of curing
 h - a potion of ambrosia
 n - a potion of brilliance {unknown}


   Skills:
 + Level 0.7 Fighting
 + Level 0.1 Short Blades
 + Level 3.1 Dodging
 + Level 3.5 Stealth
 + Level 5.7 Spellcasting


You couldn't memorise any spells.
You knew the following spells:

 Your Spells              Type           Power      Damage    Failure   Level
a - Foxfire               Conj/Fire      100%       2x1d9     1%          1
b - Conjure Flame         Conj/Fire      25%        6-21      3%          3
c - Inner Flame           Hex/Fire       25%        N/A       3%          3
d - Sticky Flame          Conj/Fire      25%        2d5       12%         4
e - Fireball              Conj/Fire      12%        3d7       32%         5
f - Sandblast             Erth           50%        2d12      1%          1
g - Static Discharge      Conj/Air       25%        N/A       1%          2
h - Corpse Rot            Necr/Air       N/A        N/A       1%          2
Your spell library was empty.

Dungeon Overview and Level Annotations

Branches:
Dungeon (5/15)
 Temple: D:4-7

Altars:
Gozag

Shops:
D:4 (


Innate Abilities, Weirdness & Mutations

You are immune to sickness and miasma.
You are immune to poison.
Your flesh is very heat resistant. (rF++)
You are vulnerable to cold. (rC-)
You float through the air rather than walking.
You learn spells naturally, not from books.
Your magical power is your life essence.
You have superior vitality. (+4 HP)


Message History

Casting: Foxfire (safe; 1% risk of failure)
Confirm with . or Enter, or press ? or * to list all spells.
You conjure some foxfire!
The black bear rages.
The foxfire hits the black bear but does no damage.
The black bear is severely wounded.
The foxfire hits the black bear.
The black bear is almost dead.
Casting: Foxfire (safe; 1% risk of failure)
Confirm with . or Enter, or press ? or * to list all spells.
You conjure some foxfire!
The black bear bites you. The black bear barely misses you. x2
Your foxfire dissipates!
The foxfire hits the black bear!
The black bear is almost dead.
Casting: Foxfire (safe; 1% risk of failure)
Confirm with . or Enter, or press ? or * to list all spells.
You conjure some foxfire!
The black bear barely misses you. The black bear claws you.
The black bear barely misses you. The black bear bites you!
The black bear claws you. x2
Your foxfire dissipates!
The foxfire hits the black bear but does no damage.
The black bear is almost dead.
Casting: Foxfire (safe; 1% risk of failure)
Confirm with . or Enter, or press ? or * to list all spells.
You conjure some foxfire!
The black bear bites you. The black bear claws you.
The black bear claws you but does no damage.
The black bear bites you!
* * * LOW HITPOINT WARNING * * *
The black bear claws you.
* * * LOW HITPOINT WARNING * * *
The black bear claws you but does no damage.
You are too injured to fight recklessly!
The foxfire hits the black bear.
The black bear is almost dead.
The foxfire hits the black bear but does no damage.
The black bear is almost dead.
The black bear closely misses you. The black bear barely misses you.
The black bear claws you.
You die...

..# ..' .........[ ..#
##...#.#..### .# ...........
. .# .....#..###.# .##.
###.##.#....... ....
#.#.#........ ####
#####......#..###.# ..#
#...@h......$...... ..#
#.###..###......... ..#
#########..##..# #.#..###..
..# #..........##..#
#.#....# ..#
#..........##..###....#.#
###
#<.........##.........#.#
#####..........†...........
.
...............##.##########
# ####..............#


You could see a black bear (berserk).

Vanquished Creatures
  A phantom (D:3)
  A scorpion (D:5)
  A wyvern skeleton (D:5)
  3 hounds
  2 orc priests
  Jessica (D:2)
  An iguana (D:4)
  3 orc wizards (D:5)
  A howler monkey zombie (D:3)
  Robin (D:3)
  6 adders
  A worm (D:3)
  4 dart slugs
  11 orcs
  9 bats
  10 endoplasms
  3 giant cockroaches
  15 goblins
  8 hobgoblins
  2 jackals (D:1)
  10 kobolds
  A quokka (D:1)
  4 ball pythons
  2 frilled lizards
  6 rats
107 creatures vanquished.

Vanquished Creatures (others)
  402 foxfires
  A plant (D:1)
403 creatures vanquished.

Grand Total: 510 creatures vanquished

Notes
Turn   | Place    | Note
-------+----------+-------------------------------------------
     0 | D:1      | unlimited1921 the Djinni Fire Elementalist began the quest
                  | for the Orb.
     0 | D:1      | Reached XP level 1. HP: 15/15 MP: 0/0
   544 | D:1      | Reached XP level 2. HP: 18/21 MP: 0/0
  1807 | D:1      | Reached XP level 3. HP: 24/25 MP: 0/0
  1807 | D:1      | Learned a level 1 spell: Sandblast
  1823 | D:1      | Reached skill level 3 in Spellcasting
  2764 | D:2      | Found a faded altar of an unknown god.
  3127 | D:2      | Found an opulent altar of Gozag.
  3405 | D:2      | Noticed Jessica
  3423 | D:2      | Killed Jessica
  3424 | D:2      | Reached XP level 4. HP: 19/31 MP: 0/0
  4264 | D:3      | Reached XP level 5. HP: 20/35 MP: 0/0
  4264 | D:3      | Learned a level 2 spell: Static Discharge
  4271 | D:3      | Reached skill level 4 in Spellcasting
  4883 | D:3      | Noticed Robin
  4888 | D:3      | Killed Robin
  5457 | D:3      | Noticed a phantom
  5485 | D:3      | Killed a phantom
  5486 | D:3      | Reached XP level 6. HP: 8/40 MP: 0/0
  9335 | D:4      | Found Ublor's Antique Weapon Shop.
  9646 | D:4      | Reached skill level 5 in Spellcasting
  9646 | D:4      | Reached XP level 7. HP: 43/46 MP: 0/0
  9646 | D:4      | Learned a level 2 spell: Corpse Rot
 10622 | D:5      | Entered Level 5 of the Dungeon
 11323 | D:5      | HP: 2/46 [black bear (3)]
 11324 | D:5      | Slain by a black bear

Illustrated notes

Levels and vault maps discovered:
D:1:      minmay_arrival_hallway, layout_loops_ring, serial_forest,
          infiniplex_forest_clump_tiny, infiniplex_forest_straight_2,
          infiniplex_forest_end_1, infiniplex_forest_diagonal,
          infiniplex_forest_lined_2, infiniplex_forest_straight_4,
          infiniplex_forest_straight_3, minmay_heptomino_w4
D:2:      layout_basic, basic_ecumenical_altar, basic_altar, uniq_jessica
D:3:      wad_river_or_something, layout_rooms, moated_statue, chequers_garden,
          grunt_ministairs_7, uniq_robin
D:4:      layout_cave_pods, serial_shops, kennysheep_mini,
          roderic_nine_men_s_morris
D:5:      kennysheep_windowed_halls, layout_basic, grunt_ministairs_7

Skill      XL: |  1  2  3  4  5  6  7 |
---------------+----------------------+-----
Spellcasting   | 3 4 5 |  5.7
Stealth        | 2 3 |  3.5
Dodging        | 3 |  3.1
Fighting       | |  0.7
Short Blades   | |  0.1

Action                   |  1- 3 |  4- 6 |  7- 9 || total
-------------------------+-------+-------+-------++-------
Melee: Dagger            |     4 |       |       ||     4
       Rapier            |       |    16 |     6 ||    22
 Cast: Foxfire           |    70 |   141 |    65 ||   276
  Use: Scroll            |       |     8 |     4 ||    12
       Potion            |       |     2 |       ||     2
 Stab: Sleeping          |       |     1 |       ||     1
Armor: Robe              |     1 |     5 |     6 ||    12
Dodge: Dodged            |     7 |    12 |    10 ||    29
